 Dungeon Crawl Stone Soup version 0.30.0-10-gfe55d96785 (webtiles) character file.

Game seed: 12870620444151211968

418 browni3141 the Slasher (level 6, -8/27 (51) HPs)
             Began as a Demigod Reaver on May 14, 2023.
             Mangled by an ogre
             ... wielding a +0 giant club
              (25 damage)
             ... on level 5 of the Dungeon.
             The game lasted 00:03:33 (3108 turns).

browni3141 the Slasher (Demigod Reaver)             Turns: 3108, Time: 00:03:33

HP:   -8/27 (51)    AC:  4    Str: 13    XL:     6   Next: 34%
MP:   9/11          EV: 13    Int: 15    God:
Gold: 269           SH:  0    Dex: 20    Spells: 8/9 levels left

rFire   . . .        a - +0 falchion
rCold   . . .        (no shield)
rNeg    . . .        b - +0 leather armour
rPois   .            (no helmet)
rElec   .            I - +0 cloak
rCorr   .            (no gloves)
SInv    .            (no boots)
Will    .....        (no amulet)
Stlth   +            (no ring)
HPRegen 0.24/turn    (no ring)
MPRegen 0.12/turn

%: no passive effects
@: very heavily drained
A: high MP 1, forlorn, divine attributes
a: no special abilities


You were on level 5 of the Dungeon.
You visited 1 branch of the dungeon, and saw 5 of its levels.

You collected 269 gold pieces.

Inventory:

Hand Weapons
 a - a +0 falchion (weapon)
Missiles
 J - 3 javelins
 V - 6 poisoned darts
Armour
 b - a +0 leather armour (worn)
 I - a +0 cloak (worn)
Jewellery
 E - a ring of protection from cold
Wands
 O - a wand of roots (7)
 U - a wand of digging (4)
Scrolls
 G - 3 scrolls of teleportation {unknown}
 H - a scroll of noise {unknown}
 N - a scroll of enchant weapon {unknown}
 Q - 2 scrolls of vulnerability {unknown}
 S - a scroll of blinking {unknown}
 T - a scroll of poison {unknown}
Potions
 C - 3 potions of curing
 D - a potion of cancellation {unknown}
 F - a potion of mutation {unknown}
 L - 2 potions of haste {unknown}
 M - a potion of lignification {unknown}
 P - 3 potions of flight {unknown}
 R - a potion of berserk rage {unknown}


   Skills:
 + Level 3.4 Fighting
 * Level 5.0 Long Blades
 + Level 3.4 Dodging
 - Level 2.0 Spellcasting
 - Level 3.0 Conjurations


You had 8 spell levels left.
You knew the following spells:

 Your Spells              Type           Power      Damage    Failure   Level
K - Kiss of Death         Conj/Necr      24%        2d7       16%         1

Your spell library contained the following spells:

 Spells                   Type           Power      Damage    Failure   Level
 Foxfire                  Conj/Fire      24%        2x1d5     16%         1
 Momentum Strike          Conj/Tloc      12%        3d8       22%         2
 Hailstorm                Conj/Ice       6%         3d4       41%         3
 Gell's Gravitas          Tloc           1%         N/A       63%         3
 Teleport Other           Tloc           1%         N/A       63%         3
 Fireball                 Conj/Fire      3%         3d4       99%         5
 Dispersal                Tloc           0%         N/A       100%        6
 Plasma Beam              Fire/Air       0%         2x1d11    100%        6
 Starburst                Conj/Fire      3%         6d3       100%        6


Dungeon Overview and Level Annotations

Branches:
Dungeon (5/15)
 Temple: D:4-7


Innate Abilities, Weirdness & Mutations

You have an increased reservoir of magic. (+10% MP)
You shall have no god before yourself.
Your divine heritage dramatically boosts your attributes as you level up.


Message History

The orc hits you but does no damage.
You hit the orc but do no damage.
The orc is heavily wounded.
The orc barely misses you.
You hit the orc but do no damage.
The orc is heavily wounded.
The orc hits you but does no damage.
You are electrocuted!
* * * LOW HITPOINT WARNING * * *
You closely miss the orc.
The orc is heavily wounded.
The orc closely misses you.
You hit the orc.
The orc is severely wounded.
The orc hits you with a +1 whip of electrocution.
* * * LOW HITPOINT WARNING * * *
You barely miss the orc.
The orc is severely wounded.
The orc closely misses you.
You hit the orc.
You kill the orc!
Things that are here:
a +1 whip of electrocution; a +0 scale mail; an orc corpse
Things that are here:
a +0 dagger; a +0 robe; an orc corpse HP restored.
A sky beast comes into view.
A sky beast is nearby!
A sky beast is nearby!
A sky beast is nearby!
The sky beast barely misses you.
You see here a wand of digging (4).
You miss the sky beast. The sky beast misses you.
You barely miss the sky beast.
The sky beast flickers out of sight!
Deactivating autopickup; reactivate with Ctrl-A.
Something hits you. Something shocks you.
You closely miss something. Something hits you but does no damage.
Something hits you. Something shocks you.
You are too injured to fight recklessly!
You closely miss something. Something hits you. Something shocks you.
You barely miss something. Something hits you. Something shocks you.
* * * LOW HITPOINT WARNING * * *
You are too injured to fight recklessly!
You barely miss something. Something hits you.
* * * LOW HITPOINT WARNING * * *
Something shocks you.
* * * LOW HITPOINT WARNING * * *
Aiming: Kiss of Death (safe; 16% risk of failure)
Press: ? - help, Q - select action, (/) - cycle Shift-Dir - straight line The negative energy hits something!
You feel drained. Something barely misses you.
Unknown command.
You slash something! Something hits you but does no damage.
You closely miss something. Something hits you.
* * * LOW HITPOINT WARNING * * *
Something shocks you.
* * * LOW HITPOINT WARNING * * *
You barely miss something. Something hits you.
* * * LOW HITPOINT WARNING * * *
Something shocks you.
* * * LOW HITPOINT WARNING * * *
Aiming: Kiss of Death (safe; 16% risk of failure)
Press: ? - help, Q - select action, (/) - cycle Shift-Dir - straight line The negative energy hits something!
Reactivating autopickup.
You feel a bit more experienced.
You feel drained.
Your Long Blades skill increases to level 5!
U - a wand of digging (4) Magic restored.
Key pressed, stopping explore.
J - 3 javelins;
V - 6 poisoned darts An ogre comes into view.
It is wielding a +0 giant club.
The ogre shouts!
You hear a shout!
An ogre is nearby!
An ogre is nearby!
An ogre is nearby! 2 orcs come into view.
The orc shouts! x2; You hear a shout!
An adder comes into view.
You hit the ogre but do no damage.
The ogre hits you with a +0 giant club!!
Ouch! That really hurt!
* * * LOW HITPOINT WARNING * * *
Aiming: Kiss of Death (safe; 16% risk of failure)
Press: ? - help, Q - select action, (/) - cycle Shift-Dir - straight line, f - ogre
Aim: an ogre, wielding a +0 giant club (100% to hit)
The negative energy hits the ogre.
The ogre is drained!
The ogre is moderately wounded.
You feel drained.
Aiming: Kiss of Death (safe; 16% risk of failure)
Press: ? - help, Q - select action, (/) - cycle Shift-Dir - straight line, f/p - ogre
Aim: an ogre, wielding a +0 giant club (moderately wounded, lightly drained, 100% to hit)
The negative energy hits the ogre!
The ogre is drained!
The ogre is severely wounded.
You feel drained. The ogre closely misses you.
You closely miss the ogre.
The ogre is severely wounded.
The ogre hits you with a +0 giant club!!
Ouch! That really hurt!
You die...

#....(#.#.#
#####..)#.#
........#. ##.)..#
#........# #....##
#.....o...
###...####
#.....o... ##.....#
#.......#S
#...#.####........#
#.#.....##...O....)
#.##.##.@#........#
#..#.###.O#......#.
##...# ##o.........
##..# ##....#.####
##.# #.......#
#######.###...#...#
..................#
############......#
#.#....#


You could see an ogre (very drained) and an orc.

Vanquished Creatures
  A sky beast (D:5)
  A phantom (D:5)
  An orc priest (D:4)
  2 orc wizards
  5 gnolls
  An adder (D:4)
  2 worms
  4 dart slugs
  3 orcs
  6 endoplasms
  A giant cockroach (D:2)
  5 hobgoblins
  3 jackals (D:4)
  7 kobolds
  4 quokkas
  7 ball pythons
  2 bats (D:1)
  4 frilled lizards
  5 goblins
  3 rats
67 creatures vanquished.

Vanquished Creatures (collateral kills)
  A howler monkey (D:4)
  2 orcs
  An endoplasm (D:4)
  A hobgoblin (D:4)
  2 kobolds
  A ball python (D:4)
8 creatures vanquished.

Grand Total: 75 creatures vanquished

Notes
Turn   | Place    | Note
-------+----------+-------------------------------------------
     0 | D:1      | browni3141 the Demigod Reaver began the quest for the Orb.
     0 | D:1      | Reached XP level 1. HP: 17/17 MP: 5/5
   196 | D:1      | Reached XP level 2. HP: 19/24 MP: 7/7
   311 | D:1      | Reached skill level 3 in Long Blades
   311 | D:1      | Reached skill level 3 in Conjurations
   880 | D:2      | Reached XP level 3. HP: 14/29 MP: 8/8
   898 | D:2      | Identified the orb of the Depths {mayhem, rCorr}
  1496 | D:3      | Reached XP level 4. HP: 10/32 MP: 9/9
  1818 | D:4      | Reached skill level 4 in Long Blades
  1838 | D:4      | Reached XP level 5. HP: 20/41 MP: 10/10
  2657 | D:5      | Entered Level 5 of the Dungeon
  2668 | D:4      | Reached skill level 3 in Fighting
  2668 | D:4      | Reached skill level 3 in Dodging
  2734 | D:5      | Reached XP level 6. HP: 34/51 MP: 11/11
  2892 | D:5      | Reached skill level 5 in Long Blades
  3108 | D:5      | Mangled by an ogre

Illustrated notes

Levels and vault maps discovered:
D:1:      psy_arrival_radial02, layout_rooms, serial_bayou_lagoon_b
D:2:      layout_basic, basic_altar, shapermc_ecumenical_altar_gd,
          minmay_joined_circles, uniq_terence
D:3:      layout_loops_ring, minmay_misc_feat_nine_boxes, grunt_ministairs_10
D:4:      layout_basic, minmay_starry_boxes
D:5:      cheibrodos_fzero, layout_rooms, kennysheep_mini,
          cheibrodos_ashenzari_chains, uniq_crazy_yiuf_cottage, uniq_menkaure,
          uniq_pikel

Skill      XL: |  1  2  3  4  5  6 |
---------------+-------------------+-----
Fighting       | 2 3 |  3.4
Dodging        | 2 3 |  3.4
Spellcasting   | 2 |  2.0
Long Blades    | 3 4 5 |  5.0
Conjurations   | 3 |  3.0

Action                     |  1- 3 |  4- 6 || total
---------------------------+-------+-------++-------
  Melee: Falchion          |   150 |   102 ||   252
         Punch             |     1 |       ||     1
   Cast: Kiss of Death     |     2 |     6 ||     8
  Evoke: Wand              |     1 |       ||     1
   Stab: Sleeping          |       |     1 ||     1
 Armour: Leather armour    |    58 |    31 ||    89
  Dodge: Dodged            |   107 |    77 ||   184
